Map: Simulacrum LE

Players

Toh - Winner!

  • Race: Protoss Protoss
  • Spawn Location: 5:00

Khun (Ranger)

  • Race: Protoss Protoss
  • Spawn Location: 11:00

Event: SEA Games 2019

VOD

https://youtu.be/sCeJL4o8o8E

Description

Time

  • Played on: Dec. 5, 2019, 2:54 a.m.
  • Length: 3:23

All games in this series

Show
View Real Time Build Order
Export as new Build Order

Toh Protoss - Winner!

Build Orders:  

Get SALT Encoding   

  12  0:00  Probe  
  13  0:12  Probe  
  14  0:24  Probe  
  15  0:44  Pylon  
  15  1:02  Gateway  
  15  1:03  Gateway  
  15  1:04  Forge  
  15  1:35  Pylon  
  15  1:48  Zealot (Chrono Boost)  
  15  1:49  Zealot (Chrono Boost)  
  19  1:58  Photon Cannon  
  19  2:02  Photon Cannon  
  19  2:06  Zealot  
  20  2:15  Zealot (Chrono Boost)  
  22  2:33  Zealot (Chrono Boost)  
  26  2:46  Zealot (Chrono Boost)  
  26  2:48  Pylon  
  26  2:52  Zealot  
  28  3:08  Photon Cannon x2  
Show
View Real Time Build Order
Export as new Build Order

Khun Protoss 

Build Orders:  

Get SALT Encoding   

  12  0:00  Probe  
  13  0:12  Probe  
  14  0:17  Pylon  
  14  0:24  Probe (Chrono Boost)  
  15  0:36  Probe (Chrono Boost)  
  15  0:38  Gateway  
  16  0:45  Probe (Chrono Boost)  
  16  0:49  Assimilator  
  17  0:51  Probe  
  18  0:57  Assimilator  
  18  1:03  Probe (Chrono Boost)  
  19  1:15  Probe (Chrono Boost), Gateway  
  20  1:20  Probe (Chrono Boost)  
  21  1:29  Cybernetics Core  
  21  1:31  Probe  
  22  1:49  Probe  
  22  1:51  Pylon  
  23  2:09  Zealot (Chrono Boost)  
  27  2:22  Pylon  
  27  2:27  Shield Battery  
  28  2:40  Shield Battery  
  26  2:44  Pylon  
  26  2:54  Pylon, Shield Battery  
  26  3:04  Gateway  
  24  3:19  Shield Battery  
Tags
 
Add a new tag
Caveats
  • Supply blocks, unpowered buildings, or Contaminate may cause inaccurate times.
  • Supply counts are checked every 10 seconds.